 Dungeon Crawl Stone Soup version 0.30-a0-1085-g990a428a5c (webtiles) character file.

Game seed: 1828479188924589719

2271 bande the Chopper (level 9, -1/55 HPs)
             Began as a Gargoyle Fighter on Apr 17, 2023.
             Slain by Joseph
             ... wielding a +3 antimagic quarterstaff
              (9 damage)
             ... on level 7 of the Dungeon.
             The game lasted 00:09:16 (6609 turns).

bande the Chopper (Gargoyle Fighter)                Turns: 6609, Time: 00:09:17

Health: -1/55      AC: 23    Str: 19    XL:     9   Next: 38%
Magic:  0/9        EV:  5    Int: 10    God:
Gold:   297        SH:  5    Dex: 13    Spells: 8/8 levels left

rFire   . . .      SeeInvis .    a - +1 war axe
rCold   . . .      Faith    .    c - +0 buckler
rNeg    + . .      Spirit   .    j - +0 plate armour
rPois   ∞          Reflect  .    l - +1 helmet
rElec   +          Rampage  .    B - +1 cloak
rCorr   +                        (no gloves)
Will    +....                    (no boots) Stlth
                                 (no amulet)
HPRegen 0.29/turn                z - ring of willpower
MPRegen 0.11/turn                r - ring of resist corrosion

@: no status effects
A: sickness immunity, AC +6, negative energy resistance 1, electricity
resistance, torment resistance 1, petrification resistance
a: no special abilities


You were on level 7 of the Dungeon.
You visited 1 branch of the dungeon, and saw 7 of its levels.
You also visited: Sewer.

You collected 297 gold pieces.

Inventory:

Hand Weapons
 a - a +1 war axe (weapon)
 h - a +0 flail
Missiles
 b - 5 throwing nets (quivered)
Armour
 c - a +0 buckler (worn)
 j - a +0 plate armour (worn)
 l - a +1 helmet (worn)
 B - a +1 cloak (worn)
Jewellery
 e - a +6 ring of dexterity
 r - a ring of resist corrosion (right hand)
 z - a ring of willpower (left hand)
Wands
 f - a wand of light (6)
Scrolls
 i - 4 scrolls of teleportation
 k - 3 scrolls of fear
 m - 3 scrolls of fog
 o - 3 scrolls of summoning
 x - a scroll of enchant weapon
 y - 2 scrolls of blinking
 A - a scroll of identify
Potions
 d - a potion of might
 g - 2 potions of brilliance
 n - 2 potions of resistance
 p - a potion of cancellation
 q - a potion of heal wounds
 s - 5 potions of curing
 t - 2 potions of magic
 u - a potion of mutation
 v - 2 potions of flight {unknown}
 w - 2 potions of invisibility {unknown}


   Skills:
 + Level 5.9 Fighting
 + Level 7.8 Axes
 + Level 6.3 Armour
 + Level 5.1 Shields
 * Level 4.0 Evocations


You had 8 spell levels left.
You didn't know any spells.
Your spell library contained the following spells:

 Spells                   Type           Power      Damage    Failure   Level
 Magic Dart               Conj           0%         1d3       100%        1
 Sting                    Tmut/Pois      0%         1d3       100%        1
 Call Imp                 Summ           0%         N/A       100%        2
 Poisonous Vapours        Pois/Air       0%         N/A       100%        2
 Ignite Poison            Fire/Tmut/Pois 0%         N/A       100%        3
 Mephitic Cloud           Conj/Pois/Air  0%         N/A       100%        3
 Vhi's Electric Charge    Tloc/Air       0%         N/A       100%        3
 Olgreb's Toxic Radiance  Pois           0%         N/A       100%        4
 Petrify                  Tmut/Erth      0%         N/A       100%        4
 Arcjolt                  Conj/Air       0%         1d10      100%        5
 Freezing Cloud           Conj/Ice/Air   0%         6-21      100%        5
 Metabolic Englaciation   Hex/Ice        0%         N/A       100%        5
 Maxwell's Capacitive Co  Air            0%         ∞         100%        8
 Cigotuvi's Dreadful Rot  Necr/Pois/Air  Unusable   N/A       N/A         2
 Statue Form              Tmut/Erth      Unusable   N/A       N/A         6

Dungeon Overview and Level Annotations

Branches:
Dungeon (7/15)              Sewer (visited)
 Temple: D:4-7

Altars:
Cheibriados
Vehumet
Yredelemnul

Annotations:
D:7 Joseph


Innate Abilities, Weirdness & Mutations

You are immune to sickness and miasma.
Your stone body is resilient. (AC +6)
You are immune to poison.
You resist negative energy. (rN+)
You are resistant to electric shocks. (rElec)
You are resistant to unholy torment.
You are immune to petrification.


Message History

Joseph hits you but does no damage.
You barely miss Joseph. You block Joseph's attack.
You closely miss Joseph.
An orc priest comes into view. It is wielding a +0 flail.
Joseph hits you with a +3 antimagic quarterstaff.
You feel your power leaking away.
The orc priest shouts!
You slash Joseph!
Joseph is lightly wounded.
You block Joseph's attack.
You closely miss Joseph.
Joseph is lightly wounded.
Joseph hits you with a +3 antimagic quarterstaff.
You feel your power leaking away.
The orc priest calls down the wrath of Beogh upon you.
Beogh smites you!
You are too injured to fight recklessly!
You are too injured to fight recklessly!
You are too injured to fight recklessly!
You are too injured to fight recklessly!
You are too injured to fight recklessly!
You are too injured to fight recklessly!
You are too injured to fight recklessly!
You are too injured to fight recklessly!
Unknown command.
Joseph hits you with a +3 antimagic quarterstaff!
* * * LOW HITPOINT WARNING * * *
You feel your power leaking away. Joseph barely misses you.
The orc priest looks braver for a moment.
You barely miss the orc priest. You slash Joseph!
Joseph hits you with a +3 antimagic quarterstaff!
* * * LOW HITPOINT WARNING * * *
You feel your power leaking away.
The orc priest hits you but does no damage.
You slash the orc priest!
The orc priest is heavily wounded.
You barely miss Joseph.
Joseph hits you with a +3 antimagic quarterstaff!
You die...

.##.##..# .##.##..#
##+## .##.##..#
##...## .).)....#
##.....## ###)##.##
##.......##
#.#..>####.........#
#........'.........+
#.#...####.....>...#
#.##.## ##...@o...#
#.#### ##.@...#.#
#.# ##...## #.#
##+## #.> ###


You could see Joseph and an orc priest.

Vanquished Creatures
  The ghost of zazu2006 the Sneak, a novice NaHW (D:5)
  Sigmund (D:3)
  A water moccasin (D:5)
  2 black bears
  2 ogres
  A centaur (D:6)
  The ghost of BlasphemerAmon the Ruffian, an amateur GrTm (D:4)
  3 kobold brigands
  Blork the orc (D:6)
  2 scorpions (D:5)
  A wight (D:4)
  2 howler monkeys
  2 hounds
  2 jellies (D:6)
  An orc priest (D:6)
  Crazy Yiuf (D:6)
  Jessica (D:2)
  Natasha (thrice) (D:2)
  Terence (D:3)
  2 orc wizards
  A sleepcap (D:6)
  An iguana (D:5)
  Robin (D:4)
  11 adders
  2 river rats
  A shadow imp (D:6)
  3 dart slugs
  19 orcs
  14 endoplasms
  3 giant cockroaches
  10 goblins
  6 hobgoblins
  3 jackals (D:2)
  3 quokkas
  4 ball pythons
  8 bats
  6 frilled lizards
  20 kobolds
  8 rats
155 creatures vanquished.

Vanquished Creatures (others)
  8 plants (D:5)
8 creatures vanquished.

Grand Total: 163 creatures vanquished

Notes
Turn   | Place    | Note
-------+----------+-------------------------------------------
     0 | D:1      | bande the Gargoyle Fighter began the quest for the Orb.
     0 | D:1      | Reached XP level 1. HP: 14/14 MP: 1/1
   204 | D:1      | Reached skill level 2 in Axes
   204 | D:1      | Reached XP level 2. HP: 15/19 MP: 2/2
   582 | D:1      | Found a faded altar of an unknown god.
  1100 | D:2      | Reached XP level 3. HP: 23/23 MP: 3/3
  1123 | D:2      | Noticed Jessica
  1126 | D:2      | Killed Jessica
  1127 | D:2      | Reached XP level 4. HP: 28/29 MP: 4/4
  1209 | D:2      | Noticed Natasha
  1217 | D:2      | Killed Natasha
  1218 | D:2      | Reached skill level 3 in Axes
  1290 | D:2      | Noticed Natasha
  1304 | D:2      | Killed Natasha
  1305 | D:2      | Reached XP level 5. HP: 10/33 MP: 5/5
  1656 | D:2      | Noticed a black bear
  1663 | D:2      | Killed a black bear
  1728 | D:2      | Reached skill level 4 in Axes
  1728 | D:2      | Reached XP level 6. HP: 36/38 MP: 6/6
  1836 | D:2      | Noticed Natasha
  1855 | D:2      | Killed Natasha
  2166 | D:3      | Noticed Terence
  2184 | D:3      | Killed Terence
  2311 | D:3      | Noticed Sigmund
  2333 | D:3      | Killed Sigmund
  2334 | D:3      | Reached skill level 1 in Evocations
  2334 | D:3      | Reached XP level 7. HP: 22/44 MP: 7/7
  2525 | D:3      | Identified the +3 whip of Ruwkeh {speed, Int+3 Dex+4}
  2793 | D:4      | Found a glowing drain.
  2812 | Sewer    | Entered a sewer
  3008 | Sewer    | Reached skill level 5 in Axes
  3039 | Sewer    | Reached skill level 5 in Armour
  3392 | D:4      | Reached XP level 8. HP: 40/48 MP: 8/8
  3627 | D:4      | Noticed Robin
  3635 | D:4      | Killed Robin
  3736 | D:4      | Found a runed translucent gate.
  3736 | D:4      | Found a runed translucent gate.
  3736 | D:4      | Found a runed translucent gate.
  3744 | D:4      | Noticed BlasphemerAmon's ghost (amateur GrTm)
  4144 | D:4      | Killed BlasphemerAmon's ghost
  4145 | D:4      | Reached skill level 5 in Fighting
  4145 | D:4      | Reached skill level 6 in Axes
  4537 | D:5      | Entered Level 5 of the Dungeon
  4564 | D:5      | Found a runed translucent door.
  4565 | D:5      | Noticed zazu2006's ghost (novice NaHW)
  5490 | D:5      | Killed zazu2006's ghost
  5491 | D:5      | Reached skill level 7 in Axes
  5491 | D:5      | Reached skill level 5 in Shields
  5491 | D:5      | Reached XP level 9. HP: 36/54 MP: 9/9
  5680 | D:6      | Noticed Blork the orc
  5697 | D:6      | Killed Blork the orc
  6247 | D:6      | Found a snail-covered altar of Cheibriados.
  6247 | D:6      | Found a radiant altar of Vehumet.
  6248 | D:6      | Found a basalt altar of Yredelemnul.
  6297 | D:6      | Found a runed translucent door.
  6298 | D:6      | Noticed Crazy Yiuf
  6418 | D:6      | Killed Crazy Yiuf
  6597 | D:7      | Noticed Joseph
  6609 | D:7      | Slain by Joseph

Illustrated notes

Levels and vault maps discovered:
D:1:      tarquinn_simple_flora_water_d, layout_basic, basic_ecumenical_altar,
          minmay_misc_feat_nine_boxes, minmay_misc_feat_hallway
D:2:      layout_rooms, minmay_randomly_rotated_circles, uniq_natasha,
          uniq_jessica
D:3:      layout_rooms, minmay_misc_feat_five, kennysheep_nub, uniq_sigmund,
          uniq_terence
D:4:      layout_basic, gammafunk_ghost_split, portal_sewer_entry_a, uniq_robin
D:5:      layout_basic, gammafunk_ghost_grave, lexackson_kobold_supper
D:6:      layout_rooms, gammafunk_temple_overflow_claw, uniq_crazy_yiuf_cottage,
          uniq_blork_the_orc
D:7:      layout_loops_corners, lemuel_round_altar,
          minmay_temple_entry_proselytizer, uniq_pikel, uniq_joseph

Skill      XL: |  1  2  3  4  5  6  7  8  9 |
---------------+----------------------------+-----
Axes           | 2 3 4 5 7 |  7.8
Armour         | 4 5 6 |  6.3
Shields        | 4 5 |  5.1
Fighting       | 4 5 |  5.9
Evocations     | 1 2 3 4 |  4.0

Action                     |  1- 3 |  4- 6 |  7- 9 || total
---------------------------+-------+-------+-------++-------
  Melee: War axe           |    65 |   113 |   339 ||   517
    Use: Scroll            |     3 |     3 |     7 ||    13
         Potion            |       |     3 |       ||     3
 Armour: Scale mail        |    29 |     5 |       ||    34
         Plate armour      |       |   100 |   251 ||   351
  Dodge: Dodged            |    24 |    36 |    66 ||   126
  Block: Buckler           |    16 |    29 |    98 ||   143

Table legend: (Time is in decaauts)
 A = Elapsed time spent in this place.
 B = Non-inter-level travel time spent in this place.
 C = Inter-level travel time spent in this place.
 D = Time resting spent in this place.
 E = Time spent auto-exploring this place.
 F = Levels seen in this place.
 G = Mean time per level.
                   A        B        C        D        E       F      G
               +--------+--------+--------+--------+--------+-----+--------+
         Total |   6817 |   6642 |    175 |   1327 |   3994 |   8 |  852.1 |
       Dungeon |   6322 |   6147 |    175 |   1327 |   3712 |   7 |  903.1 |
         Sewer |    494 |    494 |      0 |      0 |    281 |   1 |  494.0 |
               +--------+--------+--------+--------+--------+-----+--------+

Top non-repeatable levels by time:
     D:4: 1368 daAuts
     D:5: 1154 daAuts
     D:2: 1139 daAuts
     D:1: 981 daAuts
     D:6: 871 daAuts
     D:3: 737 daAuts
   Sewer: 494 daAuts
     D:7: 69 daAuts
